 Dungeon Crawl Stone Soup version 0.19-a0-1540-g35a11b8 (webtiles) character file.

31 Trateck the Digger (level 3, -1/19 HPs)
             Began as a Gargoyle Earth Elementalist on Sept 14, 2016.
             Slain by a worm (9 damage)
             ... on level 2 of the Dungeon.
             The game lasted 00:03:54 (890 turns).

Trateck the Digger (Gargoyle Earth Elementalist)     Turns: 890, Time: 00:03:54

Health: -1/19      AC:  5    Str: 11    XL:     3   Next: 22%
Magic:  7/7        EV: 12    Int: 16    God:
Gold:   53         SH:  0    Dex: 10    Spells: 2 memorised, 4 levels left

rFire  . . .     SeeInvis .     p - +0 trident
rCold  . . .     Gourm    .     c - +0 robe
rNeg   + . .     Faith    .     (no shield)
rPois  ∞         Spirit   .     (no helmet)
rElec  +         Dismiss  .     (no cloak)
rCorr  .         Reflect  .     (no gloves)
MR     .....     Harm     .     (no boots)
Stlth  ++........               (no amulet)
                                (no ring)
                                (no ring)

@: no status effects
A: negative energy resistance 1, electricity resistance, unbreathing,
petrification resistance, rot immunity, AC +3
a: no special abilities


You were on level 2 of the Dungeon.
You were not hungry.

You visited 1 branch of the dungeon, and saw 2 of its levels.

You collected 53 gold pieces.

Inventory:

Hand Weapons
 a - a +0 spear
 f - a +0 club
 i - a +0 short sword
 n - a +0 hand axe of distortion
 p - a +0 trident (weapon)
Missiles
 b - 35 stones (quivered)
Armour
 c - a +0 robe (worn)
Scrolls
 g - a scroll of enchant armour {unknown}
 k - 3 scrolls of identify {unknown}
 o - a scroll of amnesia {unknown}
 q - a scroll of immolation {unknown}
 r - a scroll of fog {unknown}
Potions
 l - a potion of haste {unknown}
Books
 e - a book of Geomancy

   Spells                             Type                      Level
   a - Sandblast                      Earth                        1
   b - Passwall                       Transmutation/Earth          2
   c - Stone Arrow                    Conjuration/Earth            3
   d - Petrify                        Transmutation/Earth          4
   e - Lee's Rapid Deconstruction     Earth                        5
Comestibles
 d - 2 bread rations
 h - 2 meat rations
 j - a chunk of flesh
 m - a beef jerky


   Skills:
 - Level 1.5 Dodging
 - Level 2.1 Stealth
 * Level 3.0 Spellcasting
 + Level 0.2 Conjurations
   Level 0.7 Transmutations
 + Level 4.1 Earth Magic


You had 4 spell levels left.
You knew the following spells:

 Your Spells              Type           Power        Failure   Level  Hunger
a - Sandblast             Erth           ###...       4%          1    #......
b - Stone Arrow           Conj/Erth      #.....       28%         3    ###....


Dungeon Overview and Level Annotations

Branches:
Dungeon (2/15)

Altars:


Innate Abilities, Weirdness & Mutations

You are resistant to torment.
Your stone body is resilient. (AC +3)
You are immune to poison.
You resist negative energy. (rN+)
You are resistant to electric shocks. (rElec)
You can survive without breathing.
You are immune to petrification.
You are immune to rotting.


Message History

You hit the worm.
The worm is heavily wounded.
You barely miss the worm.
The worm is heavily wounded.
The worm barely misses you.
You hit the worm.
The worm is heavily wounded.
The worm bites you!
You hit the worm.
The worm is severely wounded.
The worm bites you but does no damage.
You barely miss the worm.
The worm is heavily wounded.
The worm barely misses you.
You barely miss the worm.
The worm is heavily wounded.
You puncture the worm!
The worm is almost dead.
The worm bites you!
You die...

.### .. .... #[ .... ..
...###. #..%.. .$ # #...#
.... #. ###...#####.....
#.# #...w@......#..#
#..### #.......###...#
#...## ##..###.#.....#
####<.#### ##.....!..#..#
#........#########......#
#........##........#.#..#
#...<.............##..<...
#####..##.................
#...............##....


You could see a worm.

Vanquished Creatures
  A worm (D:2)
  A dart slug (D:1)
  2 giant geckos (D:1)
  5 goblins (D:1)
  2 hobgoblins (D:1)
  2 jackals (D:1)
  A kobold (D:1)
  2 bats (D:1)
  3 giant newts (D:1)
  4 rats (D:1)
23 creatures vanquished.

Notes
Turn   | Place    | Note
-------+----------+-------------------------------------------
     0 | D:1      | Trateck the Gargoyle Earth Elementalist began the quest for the Orb.
     0 | D:1      | Reached XP level 1. HP: 10/10 MP: 3/3
   255 | D:1      | Reached XP level 2. HP: 15/15 MP: 5/5
   587 | D:1      | Reached skill level 4 in Earth Magic
   675 | D:1      | Reached XP level 3. HP: 19/19 MP: 7/7
   680 | D:1      | Learned a level 3 spell: Stone Arrow
   890 | D:2      | Slain by a worm

Vault maps used:
D:1:      elethiomel_arrival_shortcut
D:2:      led_sif_pool, uniq_jessica

Skill      XL: |  1  2  3 |
---------------+----------+-----
Earth Magic    | 4 |  4.1
Spellcasting   | 3 |  3.0
Dodging        | |  1.5
Stealth        | |  2.1
Conjurations   | |  0.2
Transmutations | |  0.7

Action                   || total
-------------------------++-------
Melee: Spear             ||    56
       Trident           ||    11
 Cast: Sandblast         ||     6
 Stab: Sleeping          ||     2
       Distracted        ||     1
Armor: Robe              ||    22
Dodge: Dodged            ||    26
